 Dungeon Crawl Stone Soup version 0.29.1-1-gd02db6906a (webtiles) character file.

Game seed: 9226162124474069113

553 unlimited1921 the Magician (level 7, -1/45 HPs)
             Began as a Djinni Fire Elementalist on Sept 19, 2022.
             Slain by Dowan
             ... wielding a +1 dagger of protection
              (6 damage)
             ... on level 4 of the Dungeon.
             The game lasted 00:11:53 (5138 turns).

unlimited1921 the Magician (DjFE)                   Turns: 5138, Time: 00:11:53

Health: -1/45      AC:  3    Str:  7    XL:     7   Next: 55%
Gold:   260        EV: 12    Int: 18    God:
                   SH:  0    Dex: 14

rFire   + + .      SeeInvis .   j - +3 short sword
rCold   x . .      Faith    .   (no shield)
rNeg    . . .      Spirit   .   h - +0 leather armour
rPois   ∞          Reflect  .   (no helmet)
rElec   .          Harm     .   (no cloak)
rCorr   .          Rampage  .   (no gloves)
Will    .....                   (boots unavailable)
Stlth   ++........              (no amulet)
HPRegen 0.15/turn               (no ring)
MPRegen 0.00/turn               (no ring)

@: flying
A: sickness immunity, fire resistance 2, cold vulnerability 1, float, innate
caster, HP casting, extra vitality 1
a: no special abilities


You were on level 4 of the Dungeon.
You visited 1 branch of the dungeon, and saw 4 of its levels.

You collected 260 gold pieces.

Inventory:

Hand Weapons
 j - a +3 short sword (weapon)
Missiles
 g - 9 poisoned darts (quivered)
Armour
 a - a +0 robe
 h - a +0 leather armour (worn)
 m - the +6 scale mail of Humoshruc {-Tele rF++ rC++}
   (You found it on level 3 of the Dungeon)

   rF:        It greatly protects you from fire.
   rC:        It greatly protects you from cold.
   -Tele:     It prevents most forms of teleportation.
Jewellery
 o - a ring of fire
Scrolls
 d - 2 scrolls of torment {unknown}
 f - a scroll of teleportation {unknown}
 k - 2 scrolls of blinking {unknown}
 p - a scroll of fear {unknown}
 q - 2 scrolls of identify {unknown}
 t - a scroll of enchant weapon {unknown}
 u - a scroll of noise {unknown}
Potions
 b - 2 potions of invisibility {unknown}
 c - a potion of mutation {unknown}
 e - 2 potions of curing
 i - a potion of heal wounds {unknown}
 l - 4 potions of degeneration {unknown}
 n - a potion of might {unknown}
 r - a potion of magic {unknown}
 s - a potion of haste {unknown}


   Skills:
 + Level 2.5 Armour
 + Level 2.4 Dodging
 + Level 2.7 Stealth
 + Level 5.4 Spellcasting


You couldn't memorise any spells.
You knew the following spells:

 Your Spells              Type           Power      Damage    Failure   Level
a - Foxfire               Conj/Fire      96%        2x1d8     1%          1
b - Scorch                Fire           48%        2d7       3%          2
c - Conjure Flame         Conj/Fire      24%        6-21      6%          3
d - Inner Flame           Hex/Fire       24%        N/A       6%          3
e - Flame Wave            Conj/Fire      24%        2d8       21%         4
f - Slow                  Hex            96%        N/A       1%          1
g - Blink                 Tloc           48%        N/A       3%          2
h - Poisonous Vapours     Pois/Air       48%        N/A       3%          2
Your spell library was empty.

Dungeon Overview and Level Annotations

Branches:
Dungeon (4/15)
 Temple: D:4-7

Altars:

Annotations:
D:4 Dowan


Innate Abilities, Weirdness & Mutations

You are immune to sickness and miasma.
You are immune to poison.
Your flesh is very heat resistant. (rF++)
You are vulnerable to cold. (rC-)
You float through the air rather than walking.
You learn spells naturally, not from books.
Your magical power is your life essence.
You have superior vitality. (+4 MHP)


Message History

* * * LOW HITPOINT WARNING * * *
Flame seeps out of Duvessa.
Duvessa is engulfed in blazing flames.
Flame seeps out of Duvessa.
Duvessa looks more healthy.
You feel stable enough to blink again.
Duvessa roars, "You can run, but you cannot escape us forever!"
Casting: Blink (safe; 3% risk of failure)
Confirm with . or Enter, or press ? or * to list all spells.
Aiming: Poisonous Vapours (safe; 3% risk of failure)
Press: ? - help, Dir - move target, f/p - Duvessa
Aim: Duvessa, wielding a +0 short sword and wearing a +0 chain mail (almost dead, fast, inner flame) Poisonous vapours surround Duvessa!
Duvessa is poisoned.
* * * LOW HITPOINT WARNING * * *
Dowan screams, "No!
Oh no!"
Dowan seems to find hidden reserves of power!
Duvessa explodes!
The fiery explosion engulfs Dowan!
Dowan is heavily wounded.
The fiery explosion engulfs the hobgoblin!!!
You kill the hobgoblin!
Dowan gestures wildly while chanting.
Dowan blinks!
Casting: Poisonous Vapours (safe; 3% risk of failure)
Confirm with . or Enter, or press ? or * to list all spells.
Aiming: Poisonous Vapours (safe; 3% risk of failure)
Press: ? - help, Dir - move target, f - Dowan
Aim: Dowan, wielding a +1 dagger of protection and wearing a +0 robe (heavily wounded, fast) Poisonous vapours surround Dowan!
Dowan is poisoned.
* * * LOW HITPOINT WARNING * * *
A dart slug comes into view.
Dowan hits you with a +1 dagger of protection.
* * * LOW HITPOINT WARNING * * *
You feel better. The ball python barely misses you. x2
Dowan hits you with a +1 dagger of protection.
* * * LOW HITPOINT WARNING * * *
The ball python attacks as you move away!
The ball python bites you but does no damage.
The ball python barely misses you.
Dowan hits you with a +1 dagger of protection.
You die...

.........###........#
............#........#
..........#.#...$....#
.....................#
..........#..........#
...w......##§..?.....#
...........)§........###
.......eS####...........
.......@##..[...........
#..........####.#.######
........#### #.#...# ..
#.#...... #.###.# # ..#.
. ######. .##.###.####
....## .# .........##.
#.#..########..
##.......... #.
#.#............
..........## #.
#.##.....†....
.##........#


You could see Dowan (fast, poisoned), a dart slug and a ball python.

Vanquished Creatures
  Eustachio (D:4)
  Duvessa (D:4)
  A black bear (D:4)
  A scorpion (D:4)
  An orc priest (D:4)
  A hound (D:4)
  An orc wizard (D:4)
  2 adders
  2 worms (D:2)
  A dart slug (D:3)
  An orc (D:4)
  3 bats
  4 endoplasms
  5 giant cockroaches
  6 goblins
  4 hobgoblins
  6 jackals
  6 kobolds
  A quokka (D:4)
  5 ball pythons
  3 rats
56 creatures vanquished.

Vanquished Creatures (others)
  144 foxfires
  A withered plant (D:4)
145 creatures vanquished.

Grand Total: 201 creatures vanquished

Notes
Turn   | Place    | Note
-------+----------+-------------------------------------------
     0 | D:1      | unlimited1921 the Djinni Fire Elementalist began the quest
                  | for the Orb.
     0 | D:1      | unlimited1921 set off with the following spells memorised:
                  | Foxfire, Scorch, Conjure Flame, Inner Flame, Flame Wave.
     0 | D:1      | Reached XP level 1. HP: 15/15 MP: 0/0
   595 | D:1      | Reached XP level 2. HP: 17/21 MP: 0/0
  2145 | D:2      | Identified the +6 chain mail of Untruth {+Inv}
  2148 | D:2      | Reached skill level 3 in Spellcasting
  2148 | D:2      | Reached XP level 3. HP: 23/25 MP: 0/0
  2148 | D:2      | Learned a level 1 spell: Slow
  3058 | D:2      | Reached XP level 4. HP: 29/31 MP: 0/0
  3266 | D:3      | Identified the +6 scale mail of Humoshruc {-Tele rF++ rC++}
  3475 | D:3      | Found a faded altar of an unknown god.
  4314 | D:4      | Noticed Eustachio
  4323 | D:4      | Noticed a black bear
  4330 | D:4      | Killed a black bear
  4331 | D:4      | Reached skill level 1 in Armour
  4331 | D:4      | Reached skill level 4 in Spellcasting
  4331 | D:4      | Reached XP level 5. HP: 22/35 MP: 0/0
  4331 | D:4      | Learned a level 2 spell: Blink
  4340 | D:4      | Killed Eustachio
  4341 | D:4      | Reached XP level 6. HP: 14/40 MP: 0/0
  4650 | D:4      | Reached skill level 5 in Spellcasting
  4650 | D:4      | Reached XP level 7. HP: 38/45 MP: 0/0
  4650 | D:4      | Learned a level 2 spell: Poisonous Vapours
  5118 | D:4      | Noticed Dowan
  5119 | D:4      | Noticed Duvessa
  5134 | D:4      | Killed Duvessa
  5136 | D:4      | HP: 1/45 [Dowan/+1 dagger of protection (3)]
  5138 | D:4      | Slain by Dowan

Illustrated notes

Levels and vault maps discovered:
D:1:      spicycebolla_green_bress_n_ham_2, layout_basic
D:2:      layout_basic
D:3:      layout_rooms, ebering_ecumenical_altar_sacrificial,
          nrook_loot_triangle, corexii_leaking_fountain,
          chequers_serial_rivers_room_a
D:4:      layout_rooms, gammafunk_temple_overflow_elements,
          kiku_gazebo_garden_becter, uniq_eustachio, uniq_duvessa

Skill      XL: |  1  2  3  4  5  6 |
---------------+-------------------+-----
Spellcasting   | 3 4 5 |  5.4
Stealth        | 2 |  2.7
Armour         | 1 2 |  2.5
Dodging        | |  2.4

Action                   |  1- 3 |  4- 6 |  7- 9 || total
-------------------------+-------+-------+-------++-------
Melee: Short sword       |       |     1 |       ||     1
 Cast: Foxfire           |    48 |    31 |     4 ||    83
       Scorch            |    16 |    16 |     2 ||    34
       Slow              |       |     1 |       ||     1
       Poisonous Vapours |       |       |    21 ||    21
       Inner Flame       |       |       |     2 ||     2
       Blink             |       |       |     1 ||     1
  Use: Potion            |       |       |     1 ||     1
Armor: Leather armour    |       |     1 |     2 ||     3
Dodge: Dodged            |       |     1 |     5 ||     6
